 Dungeon Crawl Stone Soup version 0.23.2-40-g277498a001 (webtiles) character file.

Game seed: 16162270674139509987

100 Gildeon the Ducker (level 4, -2/31 HPs)
             Began as an Octopode Fighter on Sept 21, 2019.
             Slain by a centaur (5 damage)
             ... on level 3 of the Dungeon.
             The game lasted 00:11:40 (2030 turns).

Gildeon the Ducker (Octopode Fighter)               Turns: 2030, Time: 00:11:40

Health: -2/31      AC:  1    Str: 15    XL:     4   Next: 73%
Magic:  4/4        EV: 10    Int: 10    God:
Gold:   68         SH: 14    Dex: 12    Spells: 3/3 levels left

rFire    . . .     SeeInvis .   a - +1 trident
rCold    . . .     Gourm    .   j - +1 large shield
rNeg     . . .     Faith    .   (helmet restricted)
rPois    .         Spirit   .   (no amulet)
rElec    .         Reflect  .   (no ring)
rCorr    .         Harm     .   (no ring)
MR       .....                  (no ring)
Stlth    +++.......             (no ring)
HPRegen  0.10/turn              (no ring)
MPRegen  0.09/turn              (no ring)
                                (no ring)
                                (no ring)

@: no status effects
A: almost no armour, stealthy swim, amphibious, 8 rings, constrict 8, camouflage
1, gelatinous body 1
a: no special abilities


You were on level 3 of the Dungeon.
You were not hungry.

You visited 1 branch of the dungeon, and saw 3 of its levels.

You collected 68 gold pieces.

Inventory:

Hand Weapons
 a - a +1 trident (weapon)
Armour
 j - a +1 large shield (worn)
Scrolls
 h - 2 scrolls of remove curse
 i - 2 scrolls of fog
 k - a scroll of amnesia {unknown}
Potions
 b - a potion of agility
 c - 2 potions of might
 e - 2 potions of curing
 g - 2 potions of mutation
Comestibles
 d - 3 rations
 f - 3 chunks of flesh


   Skills:
 + Level 3.3 Fighting
 * Level 3.1 Polearms
 + Level 3.6 Dodging
 + Level 2.0 Stealth
 + Level 3.5 Shields


You had 3 spell levels left.
You didn't know any spells.
Your spell library was empty.

Dungeon Overview and Level Annotations

Branches:
Dungeon (3/15)

Altars:
Okawaru


Innate Abilities, Weirdness & Mutations

You cannot wear most types of armour.
You are very stealthy in the water. (Stealth+)
You are amphibious.
You can wear up to eight rings at the same time.
You can use your tentacles to constrict eight enemies at once.
Your skin changes colour to match your surroundings (Stealth+).
Your rubbery body absorbs attacks. (AC +1, EV +1)


Message History

Your squeeze misses the centaur. You block the centaur's attack.
The centaur hits you! The hobgoblin hits you with a +0 club.
You hit the centaur.
The centaur is lightly wounded.
The centaur hits you. The centaur closely misses you.
You block the hobgoblin's attack.
You puncture the centaur!
The centaur is heavily wounded.
The centaur hits you!
* * * LOW HITPOINT WARNING * * *
The hobgoblin hits you but does no damage.
You block the centaur's attack.
You feel better. The centaur hits you.
* * * LOW HITPOINT WARNING * * *
The hobgoblin hits you but does no damage.
The centaur closely misses you.
You feel better. You block the hobgoblin's attack. The centaur hits you!
* * * LOW HITPOINT WARNING * * *
The centaur hits you.
You die...

#.# #.# #.# #.# #####
##.## ##...##
####.#.#### #.....##
....###...# #......#
.###.#.##.######.g.(..#
## #.).........@c....#
#####.#######.....# #.#
#.....# #.. #≈≈.≈≈#
#.## #g≈.≈g# #.#
#≈≈.≈≈# #.# #..8..# #.#
.8_8.#


You could see a centaur, a hobgoblin and 2 goblins.

Vanquished Creatures
  An adder (D:2)
  An ooze (D:3)
  3 worms
  4 dart slugs
  2 leopard geckos
  An orc (D:3)
  5 bats
  5 giant cockroaches
  8 goblins
  11 hobgoblins
  2 jackals (D:2)
  8 kobolds
  A quokka (D:2)
  A frilled lizard (D:2)
  8 rats
61 creatures vanquished.

Notes
Turn   | Place    | Note
-------+----------+-------------------------------------------
     0 | D:1      | Gildeon the Octopode Fighter began the quest for the Orb.
     0 | D:1      | Reached XP level 1. HP: 16/16 MP: 1/1
   130 | D:1      | Reached XP level 2. HP: 20/21 MP: 2/2
   248 | D:1      | Reached skill level 1 in Stealth
   480 | D:1      | Reached XP level 3. HP: 25/26 MP: 3/3
  1310 | D:2      | Reached XP level 4. HP: 31/31 MP: 4/4
  2020 | D:3      | Noticed a centaur
  2030 | D:3      | Found an iron altar of Okawaru.
  2030 | D:3      | Slain by a centaur

Skill      XL: |  1  2  3  4 |
---------------+-------------+-----
Stealth        | 1 2 |  2.0
Polearms       | 3 |  3.1
Fighting       | |  3.3
Dodging        | |  3.6
Shields        | |  3.5

Action                   |  1- 3 |  4- 6 || total
-------------------------+-------+-------++-------
Melee: Trident           |    58 |    48 ||   106
       Constrict         |    22 |    14 ||    36
       Tentacles         |    16 |     8 ||    24
  Use: Scroll            |     4 |     5 ||     9
       Potion            |       |     2 ||     2
 Stab: Sleeping          |     5 |     5 ||    10
  Eat: Chunk             |     1 |     3 ||     4
Armor: Skin              |     3 |     3 ||     6
Dodge: Dodged            |    16 |     8 ||    24
Block: Shield            |     4 |       ||     4
       Large shield      |    17 |    33 ||    50
